AoeStats
← Caniche

Nomad

508056905Analyzed
2v2 RM · 11d ago on Sep 20, 2026· 43m 4s· 4 players
Game mode
Random Map
Map size
176×176
Population
200
Speed
Normal
Resources
Standard
Victory
Conquest
Starting age
Dark Age
Ending age
Imperial Age
RankedLock teamsTeams togetherTeam positionsShared explorationLock speedFull tech treeHidden civsTurbo modeCheats
Victory
Defeat
🇩🇪 Sicilians · Germany
1633
+13
🇸🇪 Byzantines · Sweden
1534
+17
🇦🇷 Gurjaras · Argentina
1560
-15
🇦🇷 Teutons · Argentina
1558
-15
Rodilla de Bronce
4:48 Loom
12:07 Feudal Age
15:46 Castle Age
13:59 Double-Bit Axe
16:24 Scale Barding Armor
18:34 Horse Collar
19:15 Gold Mining
19:42 Forging
20:59 Town Watch
21:56 Bloodlines
27:26 Bow Saw
28:25 Fletching
30:50 Wheelbarrow
37:36 Ballistics
39:29 Bodkin Arrow
43:00 Heavy Plow
Caniche
5:02 Loom
12:37 Feudal Age
16:35 Castle Age
15:41 Horse Collar
15:57 Double-Bit Axe
16:48 Gold Mining
18:15 Bow Saw
19:29 Husbandry
19:41 Bloodlines
23:55 Wheelbarrow
23:39 Town Watch
25:41 Hand Cart
27:31 Thumb Ring
29:05 Fletching
29:15 Padded Archer Armor
30:05 Padded Archer Armor
30:04 Bodkin Arrow
31:07 Padded Archer Armor
31:39 Ballistics
33:05 Masonry
35:55 Stone Mining
40:35 Imperial Age
39:23 Leather Archer Armor
40:43 Gold Shaft Mining
42:14 Bracer
43:26 Chemistry
43:32 Conscription
Dawn14
12:45 Feudal Age
13:42 Double-Bit Axe
15:02 Wheelbarrow
14:13 Loom
15:06 Wheelbarrow
16:15 Gold Mining
18:49 Scale Mail Armor
19:42 Forging
23:39 Castle Age
22:12 Horse Collar
24:42 Chain Mail Armor
24:51 Stone Mining
25:36 Gold Shaft Mining
25:26 Town Watch
27:02 Fletching
29:11 Ballistics
29:05 Bodkin Arrow
30:54 Iron Casting
34:20 Hand Cart
35:34 Fishing Lines
35:43 Pikeman
35:55 Elite Skirmisher
37:10 First Crusade
37:30 Padded Archer Armor
37:46 Masonry
38:12 Gillnets
39:18 Leather Archer Armor
41:44 Imperial Age
41:18 Leather Archer Armor
43:15 Plate Mail Armor
42:49 Bracer
43:29 Conscription
44:22 Chemistry
Kubya
5:02 Loom
13:18 Feudal Age
21:20 Castle Age
21:34 Scale Barding Armor
21:41 Forging
21:57 Fishing Lines
23:12 Husbandry
29:19 Gillnets
36:36 Imperial Age
36:14 Chain Barding Armor
38:15 Wheelbarrow
38:44 Heavy Camel Rider
41:25 Plate Barding Armor
Connection lost

Rejoining the realm…

Still unreachable

The connection could not be restored.

Session expired

The server has moved on; the page needs a fresh start.